Senators vs Wiprows
(R1)
Created - 7 octobre 2014 at 19:33
Goals
|
| Senators |
1 |
2 |
2 |
0 |
5 |
| Wiprows |
1 |
2 |
2 |
1 |
6 |
|
Shots
|
| Senators |
8 |
9 |
13 |
0 |
30 |
| Wiprows |
19 |
8 |
12 |
2 |
41 |
|
1st period
1. Wiprows , Jesse Winchester 1 (Drayson Bowman, Nazem Kadri) at 2:15
2. Senators , Mark Olver 2 (Gabriel Bourque, Jack Skille) at 7:16
Penalties :
Stanislav Chistov (BIN) for High sticking (Minor) at 12:35, Milan Jurcina (BIN) for Hooking (Minor) at 18:56
2nd period
3. Wiprows , Jonathan Tremblay 4 (Matt Irwin) at 1:09
4. Senators , Sergei Kostitsyn 3 (Stanislav Chistov, Brett Sterling) at 2:02
5. Senators , Milan Jurcina 2 (Rob Niedermayer) at 14:55 (PP)
6. Wiprows , Brandon Bollig 1 (Nick Bonino, Matt Taormina) at 15:50
Penalties :
Niklas Hagman (BIN) for Holding (Minor) at 5:34, Brandon Bollig (Win) for Cross-checking (Minor) at 13:49, Niklas Hagman (BIN) for Boarding (Minor) at 17:20
3rd period
7. Wiprows , Joshua Bailey 1 (Matt Frattin) at 0:47
8. Senators , Rob Niedermayer 1 (Patrick Wey) at 2:22 (SH)
9. Senators , Brett Sterling 5 (Rob Niedermayer) at 2:52 (SH)
10. Wiprows , Drayson Bowman 5 (Thomas Hickey) at 3:49
Penalties :
B.J. Crombeen (BIN) for Holding (Minor) at 2:06, Nick Bonino (Win) for Slashing (Minor) at 3:19, B.J. Crombeen (BIN) for Hooking (Minor) at 4:41, Arturs Kulda (Win) for Tripping (Minor) at 10:20
Overtime #1
11. Wiprows , Jason Ryznar 2 (Arturs Kulda, Gord Baldwin) at 2:29
Penalties :
No Penalty
Goalie Stats
Jacob Markstrom (BIN), 35 saves from 41 shots - (0,854), OTL, 1-5-1, 62:29 minutes
Al Montoya (Win), 25 saves from 30 shots - (0,833), W, 4-1-1, 62:29 minutes
Players Stats for Senators
Player Name G A P +/- PIM S H SB GA TA FO MP PP MP PK MP
------------------------------------------------------------------------------------
B.J. Crombeen 0 0 0 -2 4 2 2 0 0 0 3/10 21:59 2:30 4:31
Brett Sterling 1 1 2 0 0 1 1 0 0 0 3/6 15:31 0:00 4:00
Cody Hodgson 0 0 0 -2 0 2 0 1 0 0 2/4 11:05 0:00 1:00
Erik Karlsson 0 0 0 -1 0 3 0 3 2 0 0/0 20:14 0:32 1:44
Gabriel Bourque 0 1 1 1 0 2 1 0 1 0 0/1 9:27 0:00 0:54
Jack Skille 0 1 1 0 0 1 1 0 0 0 0/0 10:17 0:00 0:01
Josh Hennessy 0 0 0 1 0 2 4 0 0 1 4/9 17:27 1:10 3:34
Logan Stephenson 0 0 0 0 0 3 5 2 0 3 0/0 26:43 1:17 5:00
Mark Olver 1 0 1 1 0 1 1 0 0 0 4/7 8:08 0:00 0:00
Milan Jurcina 1 0 1 0 2 1 4 2 0 1 0/0 28:53 3:09 5:25
Niklas Hagman 0 0 0 -1 4 1 2 0 0 0 0/0 18:33 2:27 1:15
Patrick Wey 0 1 1 0 0 0 2 0 0 0 0/0 21:45 0:00 7:00
Rob Niedermayer 1 2 3 -1 0 4 3 1 1 0 5/18 24:46 2:31 6:11
Sergei Kostitsyn 1 0 1 1 0 5 2 0 1 0 0/0 12:32 1:10 0:00
Shane Sims 0 0 0 -4 0 0 1 1 0 0 0/0 23:25 2:24 1:29
Stanislav Chistov 0 1 1 1 2 1 0 0 3 1 0/0 13:07 1:10 0:00
Steven Goertzen 0 0 0 -4 0 1 0 0 0 0 1/3 12:36 0:04 0:00
Vladimir Mihalik 0 0 0 0 0 0 0 1 0 0 0/0 1:28 0:00 0:00
Players Stats for Wiprows
Player Name G A P +/- PIM S H SB GA TA FO MP PP MP PK MP
------------------------------------------------------------------------------------
Arturs Kulda 0 1 1 3 2 2 2 1 0 1 0/0 15:33 0:00 0:34
Brandon Bollig 1 0 1 -1 2 2 3 0 0 0 0/2 13:46 0:22 1:13
Dana Tyrell 0 0 0 1 0 0 0 0 0 0 1/2 9:28 0:22 1:19
Drayson Bowman 1 1 2 1 0 3 0 1 0 0 3/3 21:04 6:02 0:00
Gord Baldwin 0 1 1 1 0 0 0 1 0 2 0/0 13:47 0:49 1:26
Jason Ryznar 1 0 1 2 0 6 1 0 1 0 0/0 15:31 4:07 0:35
Jesse Winchester 1 0 1 -1 0 5 3 0 0 0 0/0 22:00 6:00 0:03
Jonathan Tremblay 1 0 1 1 0 4 2 0 0 1 1/1 9:20 0:00 1:50
Jordan Szwarz 0 0 0 1 0 0 1 0 0 0 0/0 8:35 0:32 0:00
Joshua Bailey 1 0 1 1 0 3 3 0 0 1 8/9 12:37 0:00 2:05
Kevin Connauton 0 0 0 1 0 0 0 1 2 0 0/0 22:03 3:09 0:08
Linden Vey 0 0 0 0 0 1 0 0 0 0 0/0 17:18 3:59 0:00
Matt Frattin 0 1 1 1 0 2 3 0 0 0 0/0 10:32 0:00 0:00
Matt Irwin 0 1 1 2 0 3 1 0 0 1 0/0 22:30 3:15 1:47
Matt Taormina 0 1 1 -2 0 3 0 3 1 2 0/0 28:26 6:45 2:16
Nazem Kadri 0 1 1 -1 0 3 2 0 1 0 18/30 22:19 6:00 0:17
Nick Bonino 0 1 1 -1 2 4 1 0 0 0 5/11 17:20 4:08 0:00
Thomas Hickey 0 1 1 -1 0 0 1 0 1 0 0/0 22:40 7:04 1:11
3 Stars
1 - Rob Niedermayer (BIN)
2 - Drayson Bowman (Win)
3 - Joshua Bailey (Win)
Power Play
Senators - 1 on 3 Attempt(s) - 33,33%
Wiprows - 0 on 6 Attempt(s) - 0,00%
Penalty Kill
Senators - 6 on 6 Attempt(s) - 100,00%
- Score 2 goal in Penalty Kill
Wiprows - 2 on 3 Attempt(s) - 66,67%
- Score 0 goal in Penalty Kill
Official
Referees : Walkom Stephen and Devorski Paul
Linesman : Steve Barton and Bryan Pancich
Game Notes
Vladimir Mihalik is injured at 3:23 of 1st period (Sprained Right Finger)
Finance
Level 1 -- Attendance: 1530 (76,50%) -- Ticket Income 48 960 $
Level 2 -- Attendance: 794 (79,40%) -- Ticket Income 14 292 $
Total Attendance: 2324 (77,47%)
Total Ticket Income: 63 252 $
Other Income: 3 163 $
Total Income: 66 415 $
Senators
5 vs 5 Forward
Center Left Wing Right Wing Time % Phy DF OF
1 Rob Niedermayer Niklas Hagman B.J. Crombeen 37 1 2 2
2 Josh Hennessy Sergei Kostitsyn Stanislav Chistov 30 1 2 2
3 Cody Hodgson Brett Sterling Steven Goertzen 22 1 2 2
4 Mark Olver Gabriel Bourque Jack Skille 11 1 2 2
5 vs 5 Defense
Defense Defense Time % Phy DF OF
1 Vladimir Mihalik Milan Jurcina 40 1 2 2
2 Logan Stephenson Erik Karlsson 30 1 2 2
3 Shane Sims Patrick Wey 20 1 2 2
4 Vladimir Mihalik Milan Jurcina 10 1 2 2
PowerPlay Forward
Center Left Wing Right Wing Time % Phy DF OF
1 Rob Niedermayer Niklas Hagman B.J. Crombeen 60 1 2 2
2 Josh Hennessy Sergei Kostitsyn Stanislav Chistov 40 1 2 2
PowerPlay Defense
Defense Defense Time % Phy DF OF
1 Vladimir Mihalik Milan Jurcina 60 1 2 2
2 Logan Stephenson Erik Karlsson 40 1 2 2
Penalty Kill 4 Players Forward
Center Wing Time % Phy DF OF
1 B.J. Crombeen Rob Niedermayer 60 1 2 2
2 Niklas Hagman Josh Hennessy 40 1 2 2
Penalty Kill 4 Players Defense
Defense Defense Time % Phy DF OF
1 Vladimir Mihalik Milan Jurcina 60 1 2 2
2 Logan Stephenson Erik Karlsson 40 1 2 2
Penalty Kill - 3 Players Forward
Forward Time % Phy DF OF
1 B.J. Crombeen 60 1 2 2
2 Rob Niedermayer 40 1 2 2
Penalty Kill - 3 Players Defense
Defense Defense Time % Phy DF OF
1 Vladimir Mihalik Milan Jurcina 60 1 2 2
2 Logan Stephenson Erik Karlsson 40 1 2 2
4 vs 4 Forward
Center Wing Time % Phy DF OF
1 B.J. Crombeen Rob Niedermayer 60 1 2 2
2 Niklas Hagman Josh Hennessy 40 1 2 2
4 vs 4 Defense
Defense Defense Time % Phy DF OF
1 Vladimir Mihalik Milan Jurcina 60 1 2 2
2 Logan Stephenson Erik Karlsson 40 1 2 2
Last Minutes Offensive
Center Left Wing Right Wing Defense Defense
Rob Niedermayer Niklas Hagman B.J. Crombeen Vladimir Mihalik Milan Jurcina
Last Minutes Defensive
Center Left Wing Right Wing Defense Defense
Rob Niedermayer Niklas Hagman B.J. Crombeen Vladimir Mihalik Milan Jurcina
Goaltenders
Starting : Jacob Markstrom
Backup : Alexander Salak
Extra Forwards
Normal : Steven Goertzen, Jack Skille, Brett Sterling - PP : Steven Goertzen, Jack Skille - PK : Brett Sterling
Extra Defensemen
Normal : Shane Sims, Patrick Wey, Logan Stephenson - PP : Shane Sims - PK : Patrick Wey, Logan Stephenson
Penalty Shots
B.J. Crombeen, Rob Niedermayer, Niklas Hagman, Josh Hennessy, Stanislav Chistov
Wiprows
5 vs 5 Forward
Center Left Wing Right Wing Time % Phy DF OF
1 Nazem Kadri Drayson Bowman Jesse Winchester 34 1 0 4
2 Nick Bonino Brandon Bollig Linden Vey 32 1 1 3
3 Joshua Bailey Jason Ryznar Matt Frattin 24 1 1 3
4 Dana Tyrell Jonathan Tremblay Jordan Szwarz 10 3 1 1
5 vs 5 Defense
Defense Defense Time % Phy DF OF
1 Matt Taormina Kevin Connauton 37 1 1 3
2 Matt Irwin Arturs Kulda 35 1 2 2
3 Thomas Hickey Gord Baldwin 26 2 2 1
4 Matt Irwin Matt Taormina 2 1 1 3
PowerPlay Forward
Center Left Wing Right Wing Time % Phy DF OF
1 Nazem Kadri Drayson Bowman Jesse Winchester 55 1 0 4
2 Nick Bonino Jason Ryznar Linden Vey 45 1 0 4
PowerPlay Defense
Defense Defense Time % Phy DF OF
1 Matt Taormina Thomas Hickey 55 0 1 4
2 Kevin Connauton Matt Irwin 45 0 1 4
Penalty Kill 4 Players Forward
Center Wing Time % Phy DF OF
1 Joshua Bailey Brandon Bollig 53 1 3 1
2 Dana Tyrell Jonathan Tremblay 47 1 3 1
Penalty Kill 4 Players Defense
Defense Defense Time % Phy DF OF
1 Arturs Kulda Matt Taormina 53 1 4 0
2 Gord Baldwin Matt Irwin 47 1 4 0
Penalty Kill - 3 Players Forward
Forward Time % Phy DF OF
1 Nazem Kadri 55 0 5 0
2 Nick Bonino 45 0 5 0
Penalty Kill - 3 Players Defense
Defense Defense Time % Phy DF OF
1 Matt Taormina Arturs Kulda 60 1 4 0
2 Gord Baldwin Matt Irwin 40 1 4 0
4 vs 4 Forward
Center Wing Time % Phy DF OF
1 Nazem Kadri Jesse Winchester 54 1 2 2
2 Nick Bonino Linden Vey 46 1 2 2
4 vs 4 Defense
Defense Defense Time % Phy DF OF
1 Matt Taormina Matt Irwin 60 1 2 2
2 Kevin Connauton Thomas Hickey 40 1 2 2
Last Minutes Offensive
Center Left Wing Right Wing Defense Defense
Nazem Kadri Drayson Bowman Jesse Winchester Matt Irwin Matt Taormina
Last Minutes Defensive
Center Left Wing Right Wing Defense Defense
Dana Tyrell Arturs Kulda Jonathan Tremblay Matt Irwin Thomas Hickey
Goaltenders
Starting : Al Montoya
Backup : Thomas McCollum
Extra Forwards
Normal : Nazem Kadri, Nick Bonino, Drayson Bowman - PP : Nazem Kadri, Jason Ryznar - PK : Jonathan Tremblay
Extra Defensemen
Normal : Matt Taormina, Matt Irwin, Arturs Kulda - PP : Kevin Connauton - PK : Arturs Kulda, Thomas Hickey
Penalty Shots
Nazem Kadri, Jason Ryznar, Jesse Winchester, Drayson Bowman, Linden Vey
% Time on Ice - Senators
Lines # - Real PCT - Wanted PCT - Time Play
Normal Forward
1 - 33% - 37% - 14:27
2 - 26% - 30% - 11:46
3 - 23% - 22% - 10:04
4 - 18% - 11% - 8:08
Normal Defense
1 - 46% - 40% - 20:15
2 - 28% - 30% - 12:38
3 - 19% - 20% - 8:35
4 - 7% - 10% - 2:57
PP Forward
1 - 68% - 60% - 2:31
2 - 32% - 40% - 1:10
PP Defense
1 - 86% - 60% - 3:09
2 - 14% - 40% - 0:32
PK Forward
1 - 75% - 60% - 7:51
2 - 25% - 40% - 2:40
PK Defense
1 - 88% - 60% - 9:14
2 - 12% - 40% - 1:17
PK3 Forward
1 - 0% - 60%
2 - 0% - 40%
PK3 Defense
1 - 0% - 60%
2 - 0% - 40%
44 Forward
1 - 84% - 60% - 3:14
2 - 16% - 40% - 0:38
44 Defense
1 - 61% - 60% - 2:21
2 - 39% - 40% - 1:31
Last Minute Offensive - 0:00
Last Minute Defensive - 0:00
Total
Forward - 62:29
Defense - 62:29
|
% Time on Ice - Wiprows
Lines # - Real PCT - Wanted PCT - Time Play
Normal Forward
1 - 33% - 34% - 14:28
2 - 27% - 32% - 11:55
3 - 24% - 24% - 10:32
4 - 17% - 10% - 7:30
Normal Defense
1 - 39% - 37% - 17:30
2 - 35% - 35% - 15:20
3 - 26% - 26% - 11:23
4 - 0% - 2% - 0:12
PP Forward
1 - 61% - 55% - 6:22
2 - 39% - 45% - 4:09
PP Defense
1 - 64% - 55% - 6:45
2 - 36% - 45% - 3:46
PK Forward
1 - 64% - 53% - 2:22
2 - 36% - 47% - 1:19
PK Defense
1 - 67% - 53% - 2:27
2 - 33% - 47% - 1:14
PK3 Forward
1 - 0% - 55%
2 - 0% - 45%
PK3 Defense
1 - 0% - 60%
2 - 0% - 40%
44 Forward
1 - 65% - 54% - 2:31
2 - 35% - 46% - 1:21
44 Defense
1 - 55% - 60% - 2:07
2 - 45% - 40% - 1:45
Last Minute Offensive - 0:00
Last Minute Defensive - 0:00
Total
Forward - 62:29
Defense - 62:29
|
Play by Play
1st period
0:01 of 1st period - Nazem Kadri wins face-off versus Rob Niedermayer in neutral zone.
0:38 of 1st period - Wrist shot by Nick Bonino.
0:38 of 1st period - Stopped by Jacob Markstrom with a rebound.
0:51 of 1st period - Off-side.
0:52 of 1st period - Mark Olver wins face-off versus Joshua Bailey in neutral zone.
1:04 of 1st period - Erik Karlsson is hit by Joshua Bailey and loses puck.
2:13 of 1st period - Wrist shot by Nazem Kadri.
2:13 of 1st period - Shot Misses the Net.
2:15 of 1st period - Snap shot by Drayson Bowman.
2:15 of 1st period - Deflect By Jesse Winchester.
2:15 of 1st period - Goal by Jesse Winchester - Senators : 0 - Wiprows : 1.
2:16 of 1st period - Brett Sterling wins face-off versus Nick Bonino in neutral zone.
2:19 of 1st period - Snap shot by Cody Hodgson.
2:19 of 1st period - Stopped by Al Montoya with a rebound.
2:29 of 1st period - Snap shot by Cody Hodgson.
2:29 of 1st period - Shot Misses the Net.
2:31 of 1st period - Slapshot by Milan Jurcina.
2:31 of 1st period - Shot Misses the Net.
2:41 of 1st period - Nick Bonino is hit by Milan Jurcina.
2:57 of 1st period - Snap shot by Brandon Bollig.
2:57 of 1st period - Stopped by Jacob Markstrom with a rebound.
3:07 of 1st period - Snap shot by Nick Bonino.
3:07 of 1st period - Stopped by Jacob Markstrom without a rebound.
3:08 of 1st period - Joshua Bailey wins face-off versus B.J. Crombeen in Senators zone.
3:11 of 1st period - Slapshot by Matt Taormina.
3:11 of 1st period - Stopped by Jacob Markstrom with a rebound.
3:13 of 1st period - Snap shot by Matt Frattin.
3:13 of 1st period - Stopped by Jacob Markstrom with a rebound.
3:15 of 1st period - Snap shot by Matt Frattin.
3:15 of 1st period - Shot Misses the Net.
3:19 of 1st period - Wrist shot by Matt Frattin.
3:19 of 1st period - Shot Blocked by Rob Niedermayer.
3:21 of 1st period - Slapshot by Jason Ryznar.
3:21 of 1st period - Shot Blocked by Milan Jurcina.
3:23 of 1st period - Snap shot by Jason Ryznar.
3:23 of 1st period - Shot Blocked by Vladimir Mihalik.
3:23 of 1st period - Vladimir Mihalik from Senators is injured at 3:23 of 1st period (Sprained Right Finger).
3:24 of 1st period - Nazem Kadri wins face-off versus Cody Hodgson in Senators zone.
4:12 of 1st period - B.J. Crombeen is hit by Jordan Szwarz.
5:21 of 1st period - Thomas Hickey is hit by Rob Niedermayer and loses puck.
5:36 of 1st period - Slapshot by Matt Irwin.
5:36 of 1st period - Deflect By Rob Niedermayer.
5:36 of 1st period - Stopped by Jacob Markstrom without a rebound.
5:37 of 1st period - Nazem Kadri wins face-off versus Josh Hennessy in Senators zone.
5:38 of 1st period - Snap shot by Jesse Winchester.
5:38 of 1st period - Stopped by Jacob Markstrom with a rebound.
5:46 of 1st period - Backhand shot by Stanislav Chistov.
5:46 of 1st period - Shot Blocked by Matt Taormina.
6:02 of 1st period - Rob Niedermayer is hit by Joshua Bailey and loses puck.
6:46 of 1st period - Slapshot by Nick Bonino.
6:46 of 1st period - Stopped by Jacob Markstrom without a rebound.
6:47 of 1st period - Mark Olver wins face-off versus Nick Bonino in Senators zone.
7:00 of 1st period - Slapshot by Jack Skille.
7:00 of 1st period - Shot Misses the Net.
7:02 of 1st period - Wrist shot by Mark Olver.
7:02 of 1st period - Shot Misses the Net.
7:14 of 1st period - Snap shot by Gabriel Bourque.
7:14 of 1st period - Shot Misses the Net.
7:16 of 1st period - Snap shot by Mark Olver.
7:16 of 1st period - Goal by Mark Olver - Senators : 1 - Wiprows : 1.
7:17 of 1st period - Drayson Bowman wins face-off versus Rob Niedermayer in neutral zone.
8:32 of 1st period - Snap shot by Jonathan Tremblay.
8:32 of 1st period - Stopped by Jacob Markstrom without a rebound.
8:33 of 1st period - Nazem Kadri wins face-off versus B.J. Crombeen in Senators zone.
8:36 of 1st period - Wrist shot by Drayson Bowman.
8:36 of 1st period - Stopped by Jacob Markstrom with a rebound.
8:48 of 1st period - Nazem Kadri is hit by B.J. Crombeen and loses puck.
9:11 of 1st period - Wrist shot by Steven Goertzen.
9:11 of 1st period - Deflect By Cody Hodgson.
9:11 of 1st period - Stopped by Al Montoya without a rebound.
9:12 of 1st period - Nick Bonino wins face-off versus Josh Hennessy in Wiprows zone.
10:06 of 1st period - Brett Sterling is hit by Matt Frattin.
10:54 of 1st period - Backhand shot by Sergei Kostitsyn.
10:54 of 1st period - Stopped by Al Montoya with a rebound.
10:56 of 1st period - Slapshot by Logan Stephenson.
10:56 of 1st period - Shot Blocked by Arturs Kulda.
10:58 of 1st period - Wrist shot by Sergei Kostitsyn.
10:58 of 1st period - Stopped by Al Montoya without a rebound.
10:59 of 1st period - Nazem Kadri wins face-off versus Rob Niedermayer in Wiprows zone.
10:59 of 1st period - Nazem Kadri is hit by Milan Jurcina.
11:25 of 1st period - Stanislav Chistov is hit by Thomas Hickey and loses puck.
11:52 of 1st period - Linden Vey is hit by Mark Olver and loses puck.
12:11 of 1st period - Snap shot by B.J. Crombeen.
12:11 of 1st period - Shot Misses the Net.
12:13 of 1st period - Slapshot by Rob Niedermayer.
12:13 of 1st period - Stopped by Al Montoya without a rebound.
12:14 of 1st period - Josh Hennessy wins face-off versus Nazem Kadri in Wiprows zone.
12:35 of 1st period - Minor Penalty to Stanislav Chistov for High sticking.
12:36 of 1st period - Nazem Kadri wins face-off versus B.J. Crombeen in Senators zone.
13:11 of 1st period - Snap shot by Jason Ryznar.
13:11 of 1st period - Stopped by Jacob Markstrom with a rebound.
13:33 of 1st period - Matt Irwin is hit by Logan Stephenson and loses puck.
14:35 of 1st period - Penalty to Stanislav Chistov is over, Stanislav Chistov is back on ice.
15:26 of 1st period - Icing by Erik Karlsson.
15:27 of 1st period - Mark Olver wins face-off versus Dana Tyrell in Senators zone.
15:32 of 1st period - Slapshot by Matt Irwin.
15:32 of 1st period - Stopped by Jacob Markstrom without a rebound.
15:33 of 1st period - Dana Tyrell wins face-off versus Mark Olver in Senators zone.
15:36 of 1st period - Snap shot by Jonathan Tremblay.
15:36 of 1st period - Stopped by Jacob Markstrom without a rebound.
15:37 of 1st period - Rob Niedermayer wins face-off versus Nazem Kadri in Senators zone.
16:26 of 1st period - Snap shot by Sergei Kostitsyn.
16:26 of 1st period - Stopped by Al Montoya with a rebound.
16:35 of 1st period - Icing by Arturs Kulda.
16:36 of 1st period - Joshua Bailey wins face-off versus Rob Niedermayer in Wiprows zone.
16:43 of 1st period - Wrist shot by Jason Ryznar.
16:43 of 1st period - Stopped by Jacob Markstrom with a rebound.
16:55 of 1st period - Wrist shot by Matt Frattin.
16:55 of 1st period - Stopped by Jacob Markstrom without a rebound.
16:56 of 1st period - Josh Hennessy wins face-off versus Nazem Kadri in Senators zone.
17:09 of 1st period - Snap shot by Josh Hennessy.
17:09 of 1st period - Stopped by Al Montoya with a rebound.
17:15 of 1st period - Milan Jurcina is hit by Jesse Winchester and loses puck.
17:46 of 1st period - Slapshot by Linden Vey.
17:46 of 1st period - Stopped by Jacob Markstrom without a rebound.
17:47 of 1st period - Joshua Bailey wins face-off versus Cody Hodgson in Senators zone.
17:50 of 1st period - Snap shot by Jason Ryznar.
17:50 of 1st period - Deflect By Joshua Bailey.
17:50 of 1st period - Stopped by Jacob Markstrom without a rebound.
17:51 of 1st period - Joshua Bailey wins face-off versus Rob Niedermayer in Senators zone.
17:54 of 1st period - Slapshot by Jason Ryznar.
17:54 of 1st period - Shot Misses the Net.
18:16 of 1st period - Slapshot by Matt Irwin.
18:16 of 1st period - Shot Blocked by Shane Sims.
18:56 of 1st period - Minor Penalty to Milan Jurcina for Hooking.
18:57 of 1st period - Nazem Kadri wins face-off versus B.J. Crombeen in Senators zone.
19:06 of 1st period - Snap shot by Nazem Kadri.
19:06 of 1st period - Stopped by Jacob Markstrom without a rebound.
19:07 of 1st period - B.J. Crombeen wins face-off versus Nazem Kadri in Senators zone.
19:16 of 1st period - B.J. Crombeen is hit by Nazem Kadri and loses puck.
Goals for this period are 1 for Senators vs 1 for Wiprows.
Shots for this period are 8 for Senators vs 19 for Wiprows.
2nd period
0:01 of 2nd period - B.J. Crombeen wins face-off versus Nazem Kadri in neutral zone.
0:42 of 2nd period - Logan Stephenson is hit by Nick Bonino and loses puck.
0:56 of 2nd period - Penalty to Milan Jurcina is over, Milan Jurcina is back on ice.
1:09 of 2nd period - Slapshot by Jonathan Tremblay.
1:09 of 2nd period - Goal by Jonathan Tremblay - Senators : 1 - Wiprows : 2.
1:10 of 2nd period - Nazem Kadri wins face-off versus Josh Hennessy in neutral zone.
1:13 of 2nd period - Slapshot by Matt Taormina.
1:13 of 2nd period - Stopped by Jacob Markstrom with a rebound.
1:25 of 2nd period - Snap shot by Stanislav Chistov.
1:25 of 2nd period - Shot Blocked by Drayson Bowman.
1:35 of 2nd period - Milan Jurcina is hit by Brandon Bollig and loses puck.
1:54 of 2nd period - Icing by Kevin Connauton.
1:55 of 2nd period - Cody Hodgson wins face-off versus Nick Bonino in Wiprows zone.
2:02 of 2nd period - Wrist shot by Sergei Kostitsyn.
2:02 of 2nd period - Goal by Sergei Kostitsyn - Senators : 2 - Wiprows : 2.
2:03 of 2nd period - Rob Niedermayer wins face-off versus Nazem Kadri in neutral zone.
2:06 of 2nd period - Jesse Winchester is hit by Shane Sims.
3:09 of 2nd period - Matt Frattin is hit by B.J. Crombeen and loses puck.
3:17 of 2nd period - Matt Irwin is hit by Milan Jurcina and loses puck.
3:20 of 2nd period - Wrist shot by Jason Ryznar.
3:20 of 2nd period - Stopped by Jacob Markstrom with a rebound.
3:22 of 2nd period - Slapshot by Arturs Kulda.
3:22 of 2nd period - Stopped by Jacob Markstrom without a rebound.
3:23 of 2nd period - Josh Hennessy wins face-off versus Nazem Kadri in Senators zone.
3:23 of 2nd period - Josh Hennessy is hit by Nazem Kadri.
4:27 of 2nd period - Jonathan Tremblay is hit by Jack Skille and loses puck.
4:46 of 2nd period - Snap shot by Matt Frattin.
4:46 of 2nd period - Shot Blocked by Logan Stephenson.
5:34 of 2nd period - Minor Penalty to Niklas Hagman for Holding.
5:35 of 2nd period - Drayson Bowman wins face-off versus B.J. Crombeen in Senators zone.
6:48 of 2nd period - Erik Karlsson is hit by Matt Irwin and loses puck.
7:34 of 2nd period - Penalty to Niklas Hagman is over, Niklas Hagman is back on ice.
7:52 of 2nd period - Snap shot by Niklas Hagman.
7:52 of 2nd period - Stopped by Al Montoya without a rebound.
7:53 of 2nd period - Joshua Bailey wins face-off versus Mark Olver in Wiprows zone.
8:10 of 2nd period - Jonathan Tremblay is hit by Rob Niedermayer and loses puck.
8:19 of 2nd period - B.J. Crombeen is hit by Jonathan Tremblay and loses puck.
8:30 of 2nd period - Dana Tyrell is hit by Rob Niedermayer and loses puck.
8:49 of 2nd period - Snap shot by B.J. Crombeen.
8:49 of 2nd period - Shot Misses the Net.
8:51 of 2nd period - Snap shot by B.J. Crombeen.
8:51 of 2nd period - Stopped by Al Montoya with a rebound.
9:07 of 2nd period - Snap shot by Rob Niedermayer.
9:07 of 2nd period - Stopped by Al Montoya with a rebound.
9:09 of 2nd period - Snap shot by Niklas Hagman.
9:09 of 2nd period - Shot Misses the Net.
9:19 of 2nd period - Snap shot by B.J. Crombeen.
9:19 of 2nd period - Shot Misses the Net.
9:21 of 2nd period - Wrist shot by B.J. Crombeen.
9:21 of 2nd period - Shot Misses the Net.
9:23 of 2nd period - Slapshot by Logan Stephenson.
9:23 of 2nd period - Stopped by Al Montoya with a rebound.
9:25 of 2nd period - Snap shot by Rob Niedermayer.
9:25 of 2nd period - Deflect By B.J. Crombeen.
9:25 of 2nd period - Shot Misses the Net.
9:25 of 2nd period - Puck is out of play.
9:26 of 2nd period - Josh Hennessy wins face-off versus Nazem Kadri in Wiprows zone.
9:27 of 2nd period - Wrist shot by Stanislav Chistov.
9:27 of 2nd period - Shot Blocked by Matt Taormina.
9:39 of 2nd period - Wrist shot by Stanislav Chistov.
9:39 of 2nd period - Shot Misses the Net.
9:41 of 2nd period - Wrist shot by Sergei Kostitsyn.
9:41 of 2nd period - Stopped by Al Montoya with a rebound.
9:59 of 2nd period - Thomas Hickey is hit by Josh Hennessy and loses puck.
10:18 of 2nd period - Patrick Wey is hit by Brandon Bollig.
11:05 of 2nd period - Kevin Connauton is hit by Patrick Wey and loses puck.
12:17 of 2nd period - Cody Hodgson is hit by Jesse Winchester.
12:33 of 2nd period - Niklas Hagman is hit by Jonathan Tremblay and loses puck.
12:38 of 2nd period - Snap shot by Dana Tyrell.
12:38 of 2nd period - Shot Misses the Net.
12:50 of 2nd period - Jonathan Tremblay is hit by Milan Jurcina and loses puck.
13:03 of 2nd period - Josh Hennessy is hit by Jason Ryznar and loses puck.
13:14 of 2nd period - Slapshot by Nazem Kadri.
13:14 of 2nd period - Stopped by Jacob Markstrom without a rebound.
13:15 of 2nd period - Nazem Kadri wins face-off versus Gabriel Bourque in Senators zone.
13:49 of 2nd period - Minor Penalty to Brandon Bollig for Cross-checking.
13:50 of 2nd period - Joshua Bailey wins face-off versus Rob Niedermayer in Wiprows zone.
13:56 of 2nd period - Icing by Shane Sims.
13:57 of 2nd period - Jonathan Tremblay wins face-off versus Rob Niedermayer in Senators zone.
14:53 of 2nd period - Slapshot by Milan Jurcina.
14:53 of 2nd period - Shot Misses the Net.
14:55 of 2nd period - Slapshot by Milan Jurcina.
14:55 of 2nd period - Goal by Milan Jurcina - Senators : 3 - Wiprows : 2.
14:56 of 2nd period - Drayson Bowman wins face-off versus Josh Hennessy in neutral zone.
15:06 of 2nd period - Slapshot by Erik Karlsson.
15:06 of 2nd period - Stopped by Al Montoya with a rebound.
15:08 of 2nd period - Slapshot by Logan Stephenson.
15:08 of 2nd period - Deflect By Drayson Bowman.
15:08 of 2nd period - Stopped by Al Montoya with a rebound.
15:10 of 2nd period - Slapshot by Josh Hennessy.
15:10 of 2nd period - Shot Misses the Net.
15:42 of 2nd period - Off-side.
15:43 of 2nd period - Cody Hodgson wins face-off versus Brandon Bollig in neutral zone.
15:48 of 2nd period - Wrist shot by Nick Bonino.
15:48 of 2nd period - Stopped by Jacob Markstrom with a rebound.
15:50 of 2nd period - Wrist shot by Brandon Bollig.
15:50 of 2nd period - Goal by Brandon Bollig - Senators : 3 - Wiprows : 3.
15:51 of 2nd period - Nazem Kadri wins face-off versus Rob Niedermayer in neutral zone.
15:54 of 2nd period - Logan Stephenson is hit by Jesse Winchester and loses puck.
16:27 of 2nd period - Nazem Kadri is hit by Patrick Wey and loses puck.
16:58 of 2nd period - Snap shot by Drayson Bowman.
16:58 of 2nd period - Stopped by Jacob Markstrom without a rebound.
16:59 of 2nd period - Nick Bonino wins face-off versus Rob Niedermayer in Senators zone.
17:08 of 2nd period - Snap shot by Erik Karlsson.
17:08 of 2nd period - Shot Misses the Net.
17:20 of 2nd period - Minor Penalty to Niklas Hagman for Boarding.
17:21 of 2nd period - B.J. Crombeen wins face-off versus Nick Bonino in Senators zone.
19:20 of 2nd period - Penalty to Niklas Hagman is over, Niklas Hagman is back on ice.
19:47 of 2nd period - Snap shot by Sergei Kostitsyn.
19:47 of 2nd period - Shot Misses the Net.
19:49 of 2nd period - Snap shot by Sergei Kostitsyn.
19:49 of 2nd period - Shot Misses the Net.
Goals for this period are 2 for Senators vs 2 for Wiprows.
Shots for this period are 9 for Senators vs 8 for Wiprows.
3rd period
0:01 of 3rd period - Rob Niedermayer wins face-off versus Brandon Bollig in neutral zone.
0:14 of 3rd period - Wrist shot by B.J. Crombeen.
0:14 of 3rd period - Stopped by Al Montoya with a rebound.
0:47 of 3rd period - Slapshot by Joshua Bailey.
0:47 of 3rd period - Goal by Joshua Bailey - Senators : 3 - Wiprows : 4.
0:48 of 3rd period - Rob Niedermayer wins face-off versus Nick Bonino in neutral zone.
0:53 of 3rd period - Matt Taormina is hit by Logan Stephenson and loses puck.
1:14 of 3rd period - Nazem Kadri is hit by Sergei Kostitsyn and loses puck.
1:23 of 3rd period - Wrist shot by Stanislav Chistov.
1:23 of 3rd period - Stopped by Al Montoya with a rebound.
1:52 of 3rd period - Shane Sims is hit by Matt Frattin and loses puck.
2:06 of 3rd period - Minor Penalty to B.J. Crombeen for Holding.
2:07 of 3rd period - Nazem Kadri wins face-off versus Brett Sterling in Senators zone.
2:22 of 3rd period - Snap shot by Rob Niedermayer.
2:22 of 3rd period - Goal by Rob Niedermayer - Senators : 4 - Wiprows : 4.
2:23 of 3rd period - Nazem Kadri wins face-off versus Brett Sterling in neutral zone.
2:28 of 3rd period - Slapshot by Jesse Winchester.
2:28 of 3rd period - Shot Blocked by Milan Jurcina.
2:30 of 3rd period - Snap shot by Nazem Kadri.
2:30 of 3rd period - Stopped by Jacob Markstrom without a rebound.
2:31 of 3rd period - Nazem Kadri wins face-off versus Brett Sterling in Senators zone.
2:40 of 3rd period - Snap shot by Jesse Winchester.
2:40 of 3rd period - Stopped by Jacob Markstrom without a rebound.
2:41 of 3rd period - Brett Sterling wins face-off versus Nazem Kadri in Senators zone.
2:52 of 3rd period - Snap shot by Brett Sterling.
2:52 of 3rd period - Goal by Brett Sterling - Senators : 5 - Wiprows : 4.
2:53 of 3rd period - Brett Sterling wins face-off versus Nazem Kadri in neutral zone.
2:56 of 3rd period - Snap shot by Rob Niedermayer.
2:56 of 3rd period - Stopped by Al Montoya with a rebound.
3:19 of 3rd period - Minor Penalty to Nick Bonino for Slashing.
3:20 of 3rd period - Nazem Kadri wins face-off versus Steven Goertzen in Wiprows zone.
3:31 of 3rd period - Wrist shot by Jesse Winchester.
3:31 of 3rd period - Stopped by Jacob Markstrom with a rebound.
3:33 of 3rd period - Wrist shot by Matt Taormina.
3:33 of 3rd period - Shot Misses the Net.
3:49 of 3rd period - Snap shot by Drayson Bowman.
3:49 of 3rd period - Goal by Drayson Bowman - Senators : 5 - Wiprows : 5.
3:50 of 3rd period - Steven Goertzen wins face-off versus Nazem Kadri in neutral zone.
4:06 of 3rd period - Penalty to B.J. Crombeen is over, B.J. Crombeen is back on ice.
4:41 of 3rd period - Minor Penalty to B.J. Crombeen for Hooking.
4:42 of 3rd period - Nazem Kadri wins face-off versus Steven Goertzen in Senators zone.
4:45 of 3rd period - Snap shot by Jesse Winchester.
4:45 of 3rd period - Stopped by Jacob Markstrom without a rebound.
4:46 of 3rd period - Rob Niedermayer wins face-off versus Nazem Kadri in Senators zone.
5:01 of 3rd period - Wrist shot by Steven Goertzen.
5:01 of 3rd period - Stopped by Al Montoya with a rebound.
5:15 of 3rd period - Linden Vey is hit by Logan Stephenson and loses puck.
5:19 of 3rd period - Penalty to Nick Bonino is over, Nick Bonino is back on ice.
6:18 of 3rd period - Matt Irwin is hit by Josh Hennessy and loses puck.
6:41 of 3rd period - Penalty to B.J. Crombeen is over, B.J. Crombeen is back on ice.
7:04 of 3rd period - Patrick Wey is hit by Joshua Bailey.
7:10 of 3rd period - Matt Taormina is hit by Sergei Kostitsyn and loses puck.
7:33 of 3rd period - Snap shot by Jason Ryznar.
7:33 of 3rd period - Stopped by Jacob Markstrom with a rebound.
7:44 of 3rd period - Snap shot by Joshua Bailey.
7:44 of 3rd period - Shot Blocked by Erik Karlsson.
7:46 of 3rd period - Snap shot by Matt Frattin.
7:46 of 3rd period - Shot Blocked by Erik Karlsson.
7:48 of 3rd period - Slapshot by Arturs Kulda.
7:48 of 3rd period - Stopped by Jacob Markstrom without a rebound.
7:49 of 3rd period - Mark Olver wins face-off versus Nick Bonino in Senators zone.
8:12 of 3rd period - Icing by Logan Stephenson.
8:13 of 3rd period - Nazem Kadri wins face-off versus Mark Olver in Senators zone.
8:21 of 3rd period - Wrist shot by Jack Skille.
8:21 of 3rd period - Deflect By Gabriel Bourque.
8:21 of 3rd period - Stopped by Al Montoya with a rebound.
8:23 of 3rd period - Slapshot by Logan Stephenson.
8:23 of 3rd period - Shot Blocked by Kevin Connauton.
8:25 of 3rd period - Snap shot by Mark Olver.
8:25 of 3rd period - Shot Blocked by Matt Taormina.
8:41 of 3rd period - Snap shot by Gabriel Bourque.
8:41 of 3rd period - Stopped by Al Montoya with a rebound.
9:08 of 3rd period - Wrist shot by Jack Skille.
9:08 of 3rd period - Stopped by Al Montoya with a rebound.
9:10 of 3rd period - Slapshot by Erik Karlsson.
9:10 of 3rd period - Stopped by Al Montoya with a rebound.
9:12 of 3rd period - Slapshot by Erik Karlsson.
9:12 of 3rd period - Stopped by Al Montoya without a rebound.
9:13 of 3rd period - Nick Bonino wins face-off versus Rob Niedermayer in Wiprows zone.
9:19 of 3rd period - Shane Sims is hit by Arturs Kulda and loses puck.
9:47 of 3rd period - Wrist shot by Josh Hennessy.
9:47 of 3rd period - Stopped by Al Montoya without a rebound.
9:48 of 3rd period - Nick Bonino wins face-off versus Josh Hennessy in Wiprows zone.
9:57 of 3rd period - Gord Baldwin is hit by Josh Hennessy and loses puck.
10:14 of 3rd period - Slapshot by Rob Niedermayer.
10:14 of 3rd period - Shot Blocked by Gord Baldwin.
10:16 of 3rd period - Wrist shot by Logan Stephenson.
10:16 of 3rd period - Stopped by Al Montoya without a rebound.
10:17 of 3rd period - Joshua Bailey wins face-off versus Rob Niedermayer in Wiprows zone.
10:17 of 3rd period - Joshua Bailey is hit by Niklas Hagman.
10:20 of 3rd period - Minor Penalty to Arturs Kulda for Tripping.
10:21 of 3rd period - Joshua Bailey wins face-off versus Rob Niedermayer in Wiprows zone.
10:53 of 3rd period - Snap shot by Jonathan Tremblay.
10:53 of 3rd period - Stopped by Jacob Markstrom with a rebound.
12:20 of 3rd period - Penalty to Arturs Kulda is over, Arturs Kulda is back on ice.
13:51 of 3rd period - Josh Hennessy is hit by Matt Frattin and loses puck.
14:07 of 3rd period - Jesse Winchester is hit by Logan Stephenson and loses puck.
14:42 of 3rd period - Icing by Niklas Hagman.
14:43 of 3rd period - Nick Bonino wins face-off versus Rob Niedermayer in Senators zone.
14:58 of 3rd period - Rob Niedermayer is hit by Brandon Bollig and loses puck.
15:34 of 3rd period - Wrist shot by Joshua Bailey.
15:34 of 3rd period - Stopped by Jacob Markstrom with a rebound.
15:36 of 3rd period - Wrist shot by Matt Frattin.
15:36 of 3rd period - Shot Misses the Net.
15:38 of 3rd period - Wrist shot by Matt Frattin.
15:38 of 3rd period - Shot Misses the Net.
15:40 of 3rd period - Slapshot by Matt Irwin.
15:40 of 3rd period - Shot Misses the Net.
15:42 of 3rd period - Wrist shot by Jason Ryznar.
15:42 of 3rd period - Shot Blocked by Cody Hodgson.
15:44 of 3rd period - Wrist shot by Jason Ryznar.
15:44 of 3rd period - Stopped by Jacob Markstrom with a rebound.
16:16 of 3rd period - Slapshot by Matt Taormina.
16:16 of 3rd period - Stopped by Jacob Markstrom with a rebound.
16:58 of 3rd period - Thomas Hickey is hit by Logan Stephenson and loses puck.
17:27 of 3rd period - Brandon Bollig is hit by Josh Hennessy and loses puck.
17:40 of 3rd period - Gord Baldwin is hit by Brett Sterling and loses puck.
18:13 of 3rd period - Slapshot by Matt Irwin.
18:13 of 3rd period - Shot Misses the Net.
18:38 of 3rd period - Patrick Wey is hit by Arturs Kulda and loses puck.
19:46 of 3rd period - Kevin Connauton is hit by Gabriel Bourque and loses puck.
Goals for this period are 2 for Senators vs 2 for Wiprows.
Shots for this period are 13 for Senators vs 12 for Wiprows.
Overtime #1
0:01 of 1st overtime period - Nazem Kadri wins face-off versus B.J. Crombeen in neutral zone.
0:04 of 1st overtime period - Slapshot by Matt Irwin.
0:04 of 1st overtime period - Stopped by Jacob Markstrom without a rebound.
0:05 of 1st overtime period - Nazem Kadri wins face-off versus B.J. Crombeen in Senators zone.
0:10 of 1st overtime period - Wrist shot by Jesse Winchester.
0:10 of 1st overtime period - Shot Misses the Net.
2:00 of 1st overtime period - Nick Bonino is hit by Niklas Hagman and loses puck.
2:25 of 1st overtime period - Snap shot by Drayson Bowman.
2:25 of 1st overtime period - Shot Blocked by Logan Stephenson.
2:27 of 1st overtime period - Slapshot by Gord Baldwin.
2:27 of 1st overtime period - Shot Blocked by Erik Karlsson.
2:29 of 1st overtime period - Slapshot by Arturs Kulda.
2:29 of 1st overtime period - Deflect By Jason Ryznar.
2:29 of 1st overtime period - Goal by Jason Ryznar - Senators : 5 - Wiprows : 6.
Goals for this period are 0 for Senators vs 1 for Wiprows.
Shots for this period are 0 for Senators vs 2 for Wiprows.
Output by the SimonT Hockey Simulator (STHS) for François Prévost -- Original Page W3C XHTML 1.0 Valid